 Dungeon Crawl Stone Soup version 0.26-a0-497-g0187308201 (webtiles) character file.

Game seed: 3638721616327093916

648 Devinter the Slicer (level 7, -10/44 HPs)
             Began as a Kobold Monk on Aug 5, 2020.
             Mangled by Maggie the hornet (15 damage)
             ... while paralysed by Maggie
             ... on level 5 of the Dungeon on Aug 6, 2020.
             The game lasted 00:30:06 (5431 turns).

Devinter the Slicer (Kobold Monk)                   Turns: 5431, Time: 00:30:06

Health: -10/44     AC:  3    Str:  6 (8)  XL:     7   Next: 83%
Magic:  7/7        EV:  3    Int:  8 (11) God:
Gold:   286        SH:  0    Dex: 17 (20) Spells: 6/6 levels left

rFire    . . .     SeeInvis .   n - +2 dagger (venom)
rCold    + + .     Faith    .   (shield restricted)
rNeg     . . .     Spirit   .   b - +0 robe
rPois    +         Reflect  .   z - +0 helmet
rElec    +         Harm     .   (no cloak)
rCorr    +                      (no gloves)
MR       .....                  (no boots)
Stlth    ++++......             (no amulet)
HPRegen  0.14/turn              m - ring of ice
MPRegen  0.10/turn              (no ring)

@: paralysed, mighty, lethally poisoned (-10 -> -15), resistant
A: small, nightstalker 3
a: no special abilities


You were on level 5 of the Dungeon.
You visited 1 branch of the dungeon, and saw 6 of its levels.

You collected 286 gold pieces.

Inventory:

Hand Weapons
 a - a +0 short sword
 k - a +0 vampiric dagger
 n - a +2 dagger of venom (weapon)
 B - a cursed +0 scimitar
 D - a +0 long sword
Missiles
 d - 67 arrows
 e - 153 stones
 f - 72 bolts
 j - 134 sling bullets
 C - a boomerang (quivered)
Armour
 b - a +0 robe (worn)
 z - a +0 helmet (worn)
Jewellery
 m - a ring of ice (left hand)
Wands
 p - a wand of polymorph (15)
 u - a wand of iceblast (9)
 w - a wand of disintegration (11)
 y - a wand of digging (3)
Scrolls
 g - a scroll of amnesia {unknown}
 h - 5 scrolls of teleportation {unknown}
 i - a scroll of noise {unknown}
 l - a scroll of enchant weapon {unknown}
 o - 7 scrolls of identify {unknown}
 q - 4 scrolls of blinking {unknown}
 r - 2 scrolls of fear {unknown}
 s - 7 scrolls of remove curse {unknown}
Potions
 c - a potion of curing
 t - a potion of heal wounds


   Skills:
 - Level 5.0 Fighting
 * Level 8.7 Short Blades
 - Level 5.0 Dodging
 - Level 5.0 Stealth


You had 6 spell levels left.
You didn't know any spells.
Your spell library was empty.

Dungeon Overview and Level Annotations

Branches:
Dungeon (6/15)
 Temple: D:4-7

Altars:
Ru
The Shining One

Shops:
D:4 [

Annotations:
D:5 Maggie


Innate Abilities, Weirdness & Mutations

You are small and have problems with some larger weapons.
You are completely attuned to the shadows.


Message History

You feel protected. Maggie misses you.
It was a potion of degeneration.
There was something very wrong with that liquid.
You feel weakened.
You feel dopey.
You feel clumsy. Maggie stings you but does no damage. Maggie stings you.
You are poisoned.
It was a potion of might.
You feel very mighty all of a sudden.
You feel sick. Maggie barely misses you.
You closely miss Maggie.
You feel sick. Maggie stings you!
You hit Maggie.
Maggie is lightly wounded.
Maggie stings you!
* * * LOW HITPOINT WARNING * * *
You suddenly lose the ability to move!
You feel sick. Maggie stings you.
* * * LOW HITPOINT WARNING * * *
Maggie stings you!
You die...

......#######
......#.....#
....###.....#
....# #.....#
....# #.....#
....# #.....#
....###.....#
............######
)..............y@#
.......##..#######
###....##..#
..#....##..#
#.#....##..#
#.#....##..#
#.#....##..#######
#.###............#
#..##............#


You could see Maggie the hornet.

Vanquished Creatures
  A phantom (D:5)
  An ogre (D:5)
  2 scorpions (D:4)
  A centaur skeleton (D:4)
  An orc wizard (D:4)
  4 worker ants
  Terence (D:2)
  11 adders
  2 adder skeletons
  2 worms
  4 dart slugs
  2 leopard geckos
  5 orcs
  4 giant cockroaches
  9 goblins
  7 hobgoblins
  8 jackals
  8 kobolds
  A ball python (D:2)
  5 bats
  3 frilled lizards (D:1)
  9 rats
91 creatures vanquished.

Vanquished Creatures (others)
  An orc (D:6)
  4 toadstools (D:1)
5 creatures vanquished.

Grand Total: 96 creatures vanquished

Notes
Turn   | Place    | Note
-------+----------+-------------------------------------------
     0 | D:1      | Devinter the Kobold Monk began the quest for the Orb.
     0 | D:1      | Reached XP level 1. HP: 14/14 MP: 1/1
   118 | D:1      | Reached XP level 2. HP: 15/19 MP: 2/2
   149 | D:1      | Reached skill level 3 in Stealth
   596 | D:1      | Reached XP level 3. HP: 23/23 MP: 3/3
   973 | D:1      | Reached skill level 4 in Dodging
  1447 | D:2      | Upgraded the game from 0.26-a0-491-g70697cc071 to
                  | 0.26-a0-497-g0187308201
  1566 | D:2      | Noticed Terence
  1569 | D:2      | Killed Terence
  1569 | D:2      | Reached skill level 5 in Short Blades
  1569 | D:2      | Reached XP level 4. HP: 29/29 MP: 4/4
  2280 | D:2      | Reached XP level 5. HP: 33/33 MP: 5/5
  2636 | D:3      | Reached skill level 4 in Fighting
  2834 | D:3      | Reached skill level 4 in Stealth
  3521 | D:4      | Reached skill level 6 in Short Blades
  3528 | D:4      | Reached XP level 6. HP: 39/39 MP: 6/6
  3557 | D:4      | Reached skill level 5 in Dodging
  3599 | D:4      | Found Joad Otz's Armour Shop.
  3693 | D:4      | Found a sacrificial altar of Ru.
  3938 | D:4      | Reached skill level 5 in Stealth
  3938 | D:4      | Reached XP level 7. HP: 25/44 MP: 7/7
  4240 | D:4      | Found a glowing golden altar of the Shining One.
  4359 | D:4      | Reached skill level 7 in Short Blades
  4377 | D:5      | Entered Level 5 of the Dungeon
  4649 | D:5      | Reached skill level 5 in Fighting
  4880 | D:5      | Reached skill level 8 in Short Blades
  5416 | D:6      | Noticed Maggie
  5423 | D:5      | Noticed Maggie
  5423 | D:5      | Maggie changed into Maggie the hornet
  5430 | D:5      | Paralysed by Maggie for 3 turns
  5431 | D:5      | Mangled by Maggie the hornet

Illustrated notes

Levels and vault maps discovered:
D:1:      ldierk_walled_garden_2, layout_basic
D:2:      layout_loops_corners, uniq_terence
D:3:      layout_loops_ring
D:4:      layout_cave_pods, nicolae_ru_the_path_less_chosen, serial_shops,
          nicolae_shop_stone, dk_noncrumbling_3, st_stairs_6,
          chequers_mini_garden, tso_metal_star
D:5:      layout_basic, fountainhead
D:6:      layout_rooms, makhleb_altar_promises_db,
          gammafunk_temple_overflow_statue, uniq_maggie, uniq_sigmund

Skill      XL: |  1  2  3  4  5  6  7 |
---------------+----------------------+-----
Stealth        | 3 4 5 |  5.0
Dodging        | 4 5 |  5.0
Short Blades   | 5 6 8 |  8.7
Fighting       | 4 5 |  5.0

Action                   |  1- 3 |  4- 6 |  7- 9 || total
-------------------------+-------+-------+-------++-------
Melee: Short sword       |    62 |       |       ||    62
       Dagger            |    59 |    99 |   100 ||   258
Throw: Boomerang         |       |       |    10 ||    10
Evoke: Wand              |       |       |     3 ||     3
  Use: Potion            |       |       |     5 ||     5
 Stab: Sleeping          |    18 |    17 |     5 ||    40
Armor: Robe              |     7 |     5 |     8 ||    20
Dodge: Dodged            |    65 |    58 |    51 ||   174

Table legend: (Time is in decaauts)
 A = Elapsed time spent in this place.
 B = Non-inter-level travel time spent in this place.
 C = Inter-level travel time spent in this place.
 D = Time resting spent in this place.
 E = Time spent auto-exploring this place.
 F = Levels seen in this place.
 G = Mean time per level.
                   A        B        C        D        E       F      G
               +--------+--------+--------+--------+--------+-----+--------+
         Total |   5352 |   5197 |    155 |   1071 |   1373 |   6 |  892.0 |
       Dungeon |   5352 |   5197 |    155 |   1071 |   1373 |   6 |  892.0 |
               +--------+--------+--------+--------+--------+-----+--------+

Top non-repeatable levels by time:
     D:1: 1298 daAuts
     D:4: 1160 daAuts
     D:2: 1138 daAuts
     D:5: 1018 daAuts
     D:3: 730 daAuts
     D:6: 6 daAuts
